 Dungeon Crawl Stone Soup version 0.14-a0-1570-g671a4b6 (webtiles) character file.

2766 Piginabag the Magician (level 9, -25/51 HPs)
             Began as an Octopode Wizard on Dec 20, 2013.
             Was a Priest of Nemelex Xobeh.
             Killed from afar by a vapour (42 damage)
             ... with a bolt of lightning
             ... summoned by the player character
             ... on Level 7 of the Dungeon.
             The game lasted 00:53:26 (11774 turns).

Piginabag the Magician (Octopode Wizard)           Turns: 11774, Time: 00:53:26

HP -25/51        AC  1     Str  9      XL: 9   Next: 61%
MP  13/24        EV 12     Int 20      God: Nemelex Xobeh [***...]
Gold 135         SH  0     Dex 11      Spells:  5 memorised, 11 levels left

rFire  . . .     SeeInvis .     a - plain deck of summonings {drawn: 7}
rCold  + . .     Clarity  .     (no shield)
rNeg   . . .     Conserve .     b - +0 wizard hat (curse)
rPois  +         rCorr    .     e - cursed amulet of resist mutation
rElec  .         rRot     .     x - ring of poison resistance
SustAb . .       Spirit   .     K - cursed ring of protection from cold
rMut   +         Warding  .     (no ring)
Saprov . . .     Stasis   .     (no ring)
                                (no ring)
                                (no ring)
                                (no ring)
                                (no ring)

@: slightly resistant to hostile enchantments, quite stealthy
A: almost no armour, amphibious, 8 rings, constrict 8, camouflage 1, gelatinous
body 1
a: Draw One, Peek at Two, Triple Draw, Renounce Religion


You were on level 7 of the Dungeon.
You worshipped Nemelex Xobeh.
Nemelex Xobeh was most pleased with you.
You were not hungry.

You visited 1 branch of the dungeon, and saw 7 of its levels.
You also visited: Sewer.

You collected 335 gold pieces.
You spent 200 gold pieces at shops.

Inventory:

Hand weapons
 i - a +1,+0 orcish dagger of speed
Missiles
 p - 15 poisoned needles
Armour
 b - a cursed +0 wizard hat (worn)
Magical devices
 u - a wand of frost (24) {unknown}
 A - a wand of draining (6) {unknown}
 C - a wand of frost (5) {unknown}
 J - a wand of hasting (6) {unknown}
Comestibles
 d - a pear
 g - a slice of pizza
 s - 2 meat rations
Scrolls
 f - 2 scrolls of amnesia
 k - a scroll of fear {unknown}
 l - 2 scrolls of identify
 m - 6 scrolls of remove curse
 o - 3 scrolls of enchant weapon II
 w - 2 scrolls of teleportation
 y - a scroll of noise
 D - 3 scrolls of magic mapping
 E - a scroll of recharging
Jewellery
 e - a cursed amulet of resist mutation (around mantle)
 x - a ring of poison resistance (left tentacle)
 K - a cursed ring of protection from cold (right tentacle)
Potions
 h - a potion of flight
 n - a potion of mutation {unknown}
 q - a potion of agility {unknown}
 r - a potion of brilliance {unknown}
 t - 3 potions of curing
 F - 3 potions of speed {unknown}
Books
 c - a book of Minor Magic

   Spells                             Type                      Level
   *Magic Dart                        Conjuration                  1
   *Blink                             Translocation                2
   Call Imp                           Summoning                    2
   *Repel Missiles                    Charms/Air                   2
   Slow                               Hexes                        2
   *Conjure Flame                     Conjuration/Fire             3
   *Mephitic Cloud                    Conjuration/Poison/Air       3
Miscellaneous
 a - a plain deck of summonings {drawn: 7} (in tentacle)
 G - a plain deck of summonings
 H - a plain deck of escape {drawn: 1}


   Skills:
 + Level 0.2 Fighting
 - Level 2.5 Dodging
 - Level 3.4 Stealth
 + Level 7.3 Spellcasting
 + Level 7.1 Conjurations
   Level 1.0 Summonings
 + Level 1.0 Translocations
 + Level 2.1 Fire Magic
 + Level 2.6 Air Magic
 + Level 2.9 Poison Magic
 * Level 6.6 Evocations


You had 11 spell levels left.
You knew the following spells:

 Your Spells              Type           Power        Failure   Level  Hunger
a - Magic Dart            Conj           ####         1%          1    None
b - Mephitic Cloud        Conj/Pois/Air  ###.....     6%          3    #......
c - Conjure Flame         Conj/Fire      ####....     6%          3    #......
d - Blink                 Tloc           N/A          12%         2    None
e - Repel Missiles        Chrm/Air       ##........   10%         2    None


Dungeon Overview and Level Annotations

Branches:
Dungeon (7/16)             Temple (0/1) D:5

Altars:
Elyvilon
Nemelex Xobeh
Vehumet

Shops:
D:4 (*   D:6 %


Innate Abilities, Weirdness & Mutations

You cannot wear most types of armour.
You are amphibious.
You can wear up to eight rings at the same time.
You can use your tentacles to constrict many enemies at once.
Your skin changes colour to match your surroundings (Stlth).
Your rubbery body absorbs attacks (AC +1).


Message History

Your giant gecko skeleton is destroyed!
You feel less protected from missiles.
You draw a card...
It is the Dance.
The bolt of lightning misses you.
You see here 2 sling bullets of frost.
The bolt of lightning hits you!
Things that are here:
an uncursed quarterstaff; an uncursed sling; an elven leather armour Drink which item? (? for menu, Esc to quit)
Okay, then.
Casting: Mephitic Cloud
Confirm with . or Enter, or press ? or * to list all spells.
You blink.
Your glowing hammer misses it.
Casting: Blink
Confirm with . or Enter, or press ? or * to list all spells.
You blink.
The bolt of lightning hits you!
Ouch! That really hurt!
You die...
Your body glows with a rainbow of weird colours and disappears.

? ...## . .....#
#.. #.....###
##.... #......#
#...).. #...@###
##.?...#
#..((..## #.....#
###.(...#####...#
##)(...##.....#
###(...#....##
##(vv.....#
#....<.###
###....# ######


You could see 2 friendly vapours and a friendly glowing hammer.

Vanquished Creatures
  A yak (D:4)
  Edmund (D:4)
  A phantom (D:4)
  3 ogres (D:4)
  2 big kobolds (Sewer)
  2 water moccasins (D:4)
  3 giant frogs
  A hippogriff skeleton (D:5)
  8 hounds
  A giant frog zombie (D:5)
  A crimson imp (D:6)
  3 orc priests
  A centaur skeleton (D:4)
  4 orc wizards
  3 worker ants
  A crocodile zombie (D:6)
  A hound zombie (D:5)
  Terence (D:2)
  A mummy (D:6)
  3 green rats (Sewer)
  10 adders
  4 gnolls (D:5)
  6 giant mites
  An inept feature mimic (D:6)
  4 worms
  6 grey rats (Sewer)
  2 giant eyeballs (D:4)
  17 orcs
  17 bats
  10 hobgoblins
  An ooze (Sewer)
  3 quokkas
  9 ball pythons
  9 giant cockroaches
  3 giant geckos
  A giant gecko skeleton (D:4)
  6 giant newts
  2 giant spores
  19 goblins
  20 kobolds
  2 kobold skeletons (D:4)
  A quokka zombie (D:5)
  15 rats
  2 rat zombies
  A ballistomycete (D:6)
213 creatures vanquished.

Vanquished Creatures (collateral kills)
  Joseph (D:7)
  A centaur (D:7)
  A quasit (D:6)
  A giant gecko skeleton (D:7)
4 creatures vanquished.

Vanquished Creatures (others)
  A quasit (D:7)
  An orc wizard (D:6)
  A ballistomycete (D:7)
3 creatures vanquished.

Grand Total: 220 creatures vanquished

Notes
Turn   | Place    | Note
--------------------------------------------------------------
     0 | D:1      | Piginabag, the Octopode Wizard, began the quest for the Orb.
     0 | D:1      | Reached XP level 1. HP: 11/11 MP: 4/4
   718 | D:1      | Reached XP level 2. HP: 10/17 MP: 1/6
  1085 | D:1      | HP: 1/25 [giant cockroach (1)]
  1811 | D:1      | Reached XP level 3. HP: 21/21 MP: 4/8
  1821 | D:1      | Learned a level 3 spell: Mephitic Cloud
  1825 | D:1      | Learned a level 3 spell: Conjure Flame
  2067 | D:2      | Noticed Terence
  2666 | D:3      | Reached XP level 4. HP: 25/27 MP: 3/10
  3003 | D:3      | Found a sparkling altar of Nemelex Xobeh.
  3006 | D:3      | Became a worshipper of Nemelex Xobeh
  3014 | D:3      | Received a gift from Nemelex Xobeh
  3718 | D:2      | Killed Terence
  3720 | D:2      | Acquired Nemelex Xobeh's first power
  4034 | D:2      | Reached skill level 1 in Evocations
  4036 | D:2      | Reached XP level 5. HP: 31/31 MP: 4/12
  4261 | D:2      | Reached skill level 4 in Spellcasting
  4971 | D:4      | Paralysed by a giant eyeball for 3 turns
  5126 | D:4      | Reached skill level 1 in Poison Magic
  5314 | D:4      | Received a gift from Nemelex Xobeh
  5319 | D:4      | Reached skill level 1 in Air Magic
  5319 | D:4      | Reached XP level 6. HP: 16/36 MP: 1/15
  5546 | D:4      | Found Cruesuit's Antique Weapon Shop.
  5561 | D:4      | Noticed an ogre
  5563 | D:4      | Noticed Edmund
  5671 | D:4      | Noticed an ogre
  5702 | D:4      | Killed an ogre
  5740 | D:4      | Noticed a yak
  5835 | D:4      | Killed a yak
  5835 | D:4      | Reached XP level 7. HP: 41/41 MP: 2/18
  6161 | D:4      | Acquired Nemelex Xobeh's second power
  6162 | D:4      | Killed Edmund
  6317 | D:4      | Reached skill level 1 in Fire Magic
  6355 | D:4      | Received a gift from Nemelex Xobeh
  6501 | D:4      | Noticed an ogre
  6513 | D:4      | Reached skill level 5 in Spellcasting
  6755 | D:4      | Killed an ogre
  6937 | D:4      | Reached XP level 8. HP: 46/46 MP: 0/20
  7057 | D:4      | Found Schynni's Serpentskin Sales.
  7064 | D:4      | Bought an uncursed ring of poison resistance for 200 gold pieces
  7114 | D:4      | Killed an ogre
  7114 | D:4      | Reached skill level 5 in Conjurations
  7270 | D:4      | Paralysed by a giant eyeball for 4 turns
  7522 | D:5      | Entered Level 5 of the Dungeon
  7588 | D:5      | Found a staircase to the Ecumenical Temple.
  7883 | D:5      | Found a radiant altar of Vehumet.
  7934 | D:5      | Received a gift from Nemelex Xobeh
  8181 | D:5      | Reached skill level 5 in Evocations
  8276 | D:5      | Reached skill level 6 in Spellcasting
  8644 | D:5      | Found a glowing drain.
  8648 | Sewer    | Entered a sewer
  9384 | Sewer    | Reached XP level 9. HP: 24/51 MP: 16/23
  9924 | D:6      | Acquired Nemelex Xobeh's third power
 10013 | D:6      | Found a white marble altar of Elyvilon.
 10134 | D:6      | Found Usexkiesa's Food Boutique.
 10461 | D:6      | Received a gift from Nemelex Xobeh
 10498 | D:6      | Reached skill level 7 in Spellcasting
 11237 | D:7      | Noticed Joseph
 11276 | D:6      | Learned a level 2 spell: Blink
 11438 | D:6      | Learned a level 2 spell: Repel Missiles
 11761 | D:7      | Killed Joseph
 11774 | D:7      | Killed from afar by a vapour

Action                   |  1- 3 |  4- 6 |  7- 9 || total
-------------------------+-------+-------+-------++-------
Melee: Unarmed           |    19 |       |       ||    19
       Dagger            |    39 |    42 |     6 ||    87
 Cast: Magic Dart        |    85 |    84 |   430 ||   599
       Mephitic Cloud    |     1 |    11 |    28 ||    40
       Conjure Flame     |     1 |     7 |    25 ||    33
       Blink             |       |       |     2 ||     2
       Repel Missiles    |       |       |     1 ||     1
Evoke: Deck              |       |     8 |    17 ||    25
  Use: Scroll            |     2 |     1 |    17 ||    20
       Potion            |     2 |       |     3 ||     5
 Stab: Sleeping          |     1 |     3 |       ||     4
       Confused          |       |     3 |       ||     3
